 Dungeon Crawl Stone Soup version 0.29.1-12-g30fa7ad0bf (webtiles) character file.

Game seed: 5290285037709701506

39 MisterFreud the Ducker (level 3, 0/17 HPs)
             Began as a Felid Berserker on Jan 9, 2023.
             Was a Believer of Trog.
             Slain by a rat (2 damage)
             ... on level 2 of the Dungeon.
             The game lasted 00:00:57 (1403 turns).

MisterFreud the Ducker (Felid Berserker)            Turns: 1403, Time: 00:00:57

Health: 0/17       AC:  1    Str: 13    XL:     3   Next: 26%
Magic:  4/4        EV: 18    Int:  8    God:    Trog [**....]
Gold:   111        SH:  0    Dex: 17    Spells: 2/2 levels left
                                        Lives:  0   Deaths: 0

rFire   . . .      SeeInvis +     - Unarmed
rCold   . . .      Faith    +   (shield unavailable)
rNeg    . . .      Spirit   .   (body armour unavailable)
rPois   .          Reflect  .   (helmet unavailable)
rElec   .          Harm     .   (cloak unavailable)
rCorr   .          Rampage  .   (gloves unavailable)
Will    .....                   (boots unavailable)
Stlth   ++........              f - amulet of faith
HPRegen 0.05/turn               (no ring)
MPRegen 0.09/turn               (no ring)

@: quick
A: very small, claws 1, fangs 3, see invisible, speed 1, shaggy fur 1, stealthy
paws, no weapons or thrown items, no armour, multi-lived
a: Renounce Religion, Berserk, Trog's Hand


You were on level 2 of the Dungeon.
You worshipped Trog.
Trog was pleased with you.
You visited 1 branch of the dungeon, and saw 2 of its levels.

You collected 111 gold pieces.

Inventory:

Jewellery
 f - an amulet of faith (around neck)
Scrolls
 a - a scroll of fear {unknown}
 d - a scroll of identify {unknown}
 e - a scroll of enchant weapon {unknown}
 g - a scroll of immolation {unknown}
 h - a scroll of fog {unknown}
Potions
 b - 2 potions of mutation {unknown}
 c - 2 potions of haste {unknown}


   Skills:
 - Level 3.0 Fighting
 - Level 4.0 Dodging
 + Level 3.0 Stealth
 + Level 3.7 Unarmed Combat


You had 2 spell levels left.
You didn't know any spells.
Your spell library was empty.

Dungeon Overview and Level Annotations

Branches:
Dungeon (2/15)

Altars:

Shops:
D:2 (


Innate Abilities, Weirdness & Mutations

You have sharp claws.
You have razor-sharp teeth.
You have supernaturally acute eyesight. (SInv)
You cover ground quickly. (Speed+)
You are covered in fur. (AC +1)
Your paws help you pounce on unaware monsters.
You are incapable of wielding weapons or throwing items.
You cannot wear armour.
You gain extra lives every three experience levels.


Message History

The hobgoblin misses you. The endoplasm misses you.
There are monsters nearby!
You scratch the endoplasm but do no damage.
The endoplasm is moderately wounded.
The endoplasm completely misses you. The hobgoblin closely misses you.
There are monsters nearby!
You scratch the endoplasm.
The endoplasm is severely wounded.
The endoplasm freezes you.
You are frozen.
The hobgoblin closely misses you.
There are monsters nearby!
You barely miss the endoplasm.
The endoplasm is severely wounded.
The endoplasm misses you. The hobgoblin misses you.
There are monsters nearby!
You claw the endoplasm!
You kill the endoplasm!
Trog accepts your kill. The hobgoblin barely misses you. The rat bites you.
There are monsters nearby!
You closely miss the hobgoblin. The hobgoblin hits you.
The rat barely misses you.
There are monsters nearby!
You scratch the hobgoblin but do no damage.
There are monsters nearby!
You scratch the hobgoblin but do no damage.
The hobgoblin hits you.
* * * LOW HITPOINT WARNING * * *
The rat closely misses you.
There are monsters nearby!
There are monsters nearby!
You scratch the hobgoblin.
You kill the hobgoblin!
Trog accepts your kill. The rat bites you.
* * * LOW HITPOINT WARNING * * *
Your Stealth skill increases to level 3!
You barely miss the rat. The rat barely misses you.
You barely miss the rat. The rat bites you.
You die...

###..# ##. #[...# ...
##.∩..# ... ###.....+
#... ##8#.....#### ##...
....$....##.# #....
#.....##.# #....
########.....##.####....
.......@...........'....
####..†r.##.....####....
#.....##.#.#.# #....
#.....##.#.#... #....
#.....##.#.####.####.
#....######### # #.
....$##.......## #.
..####..♣...♣..######.
#..♣.♣.♣.♣..##....


You could see a rat.

Vanquished Creatures
  A gnoll (D:1)
  A ball python (D:1)
  4 endoplasms
  A giant cockroach (D:1)
  2 goblins (D:2)
  4 hobgoblins
  3 quokkas
  3 frilled lizards (D:1)
  4 kobolds
  3 rats (D:1)
26 creatures vanquished.

Notes
Turn   | Place    | Note
-------+----------+-------------------------------------------
     0 | D:1      | MisterFreud the Felid Berserker began the quest for the
                  | Orb.
     0 | D:1      | Reached XP level 1. HP: 10/10 MP: 2/2
   106 | D:1      | Reached skill level 1 in Stealth
   289 | D:1      | Reached XP level 2. HP: 14/14 MP: 3/3
   871 | D:1      | Found a faded altar of an unknown god.
  1089 | D:2      | Reached XP level 3. HP: 17/17 MP: 4/4
  1252 | D:2      | Reached ** piety under Trog
  1385 | D:2      | Found Niv Veur's Weapon Shoppe.
  1403 | D:2      | Slain by a rat

Illustrated notes

Levels and vault maps discovered:
D:1:      dpeg_arrival_connections, layout_basic,
          shapermc_ecumenical_altar_hornbeckon, chequers_serial_rivers_room_b
D:2:      layout_basic, serial_shops, shop, amcnicky_mini_corridor_feature,
          kennysheep_cluttered_room

Skill      XL: |  1  2  3 |
---------------+----------+-----
Stealth        | 1 2 3 |  3.0
Fighting       | |  3.0
Dodging        | |  4.0
Unarmed Combat | |  3.7

Action                   || total
-------------------------++-------
Melee: Unarmed           ||    66
       Bite              ||     4
       Punch             ||     1
Invok: Berserk           ||     1
Armor: Skin              ||     1
Dodge: Dodged            ||    54
